 Dungeon Crawl Stone Soup version 0.21.1-1-g345015f (webtiles) character file.

244 n0claF the Shooter (level 5, 0/46 HPs)
             Began as a Centaur Hunter on June 25, 2018.
             Was an Initiate of Okawaru.
             Slain by Sigmund
             ... wielding a +0 scythe
              (4 damage)
             ... on level 3 of the Dungeon.
             The game lasted 00:09:26 (3308 turns).

n0claF the Shooter (Centaur Hunter)                 Turns: 3308, Time: 00:09:27

Health: 0/46       AC:  8    Str: 14    XL:     5   Next: 83%
Magic:  5/5        EV:  4    Int: 10    God:    Okawaru [......]
Gold:   145        SH:  0    Dex: 11    Spells: 4/4 levels left

rFire    . . .     SeeInvis .   a - +1 shortbow
rCold    . . .     Gourm    .   (shield currently unavailable)
rNeg     . . .     Faith    .   r - +0 chain mail
rPois    .         Spirit   .   (no helmet)
rElec    .         Reflect  .   (no cloak)
rCorr    .         Harm     .   o - +0 pair of gloves
MR       .....                  (no barding)
Stlth    ..........             (no amulet)
HPRegen  0.15/turn              (no ring)
MPRegen  0.09/turn              (no ring)

@: lethally poisoned (0 -> -2), very quick
A: large, hooves 3, deformed body, speed 2, tough skin 3
a: Renounce Religion


You were on level 3 of the Dungeon.
You worshipped Okawaru.
Okawaru was noncommittal.
You were hungry.

You visited 1 branch of the dungeon, and saw 3 of its levels.

You collected 145 gold pieces.

Inventory:

Hand Weapons
 a - a +1 shortbow (weapon)
 b - a +0 short sword
Missiles
 d - 40 arrows (quivered)
 h - 118 stones
 k - 14 sling bullets
Armour
 c - a +0 leather armour
 o - a +0 pair of gloves (worn)
   (You found it on level 2 of the Dungeon)
 r - a +0 chain mail (worn)
   (You found it on level 2 of the Dungeon)
Scrolls
 f - 3 scrolls of identify {unknown}
 j - a scroll of immolation {unknown}
 m - 3 scrolls of remove curse {unknown}
 p - a scroll of blinking {unknown}
 s - a scroll of fear {unknown}
Potions
 i - 3 potions of curing {unknown}
 l - a potion of haste {unknown}
 q - a potion of agility {unknown}
 t - a potion of lignification {unknown}
 u - a potion of cancellation {unknown}
Comestibles
 e - 4 rations {!d}
 g - 3 chunks of flesh


   Skills:
 + Level 3.8 Fighting
 + Level 7.0 Bows
 + Level 3.4 Throwing
 - Level 1.3 Dodging
 - Level 0.4 Stealth


You had 4 spell levels left.
You didn't know any spells.

Dungeon Overview and Level Annotations

Branches:
Dungeon (3/15)

Altars:
Okawaru

Annotations:
D:3 Sigmund


Innate Abilities, Weirdness & Mutations

You have hooves in place of feet.
Armour fits poorly on your strangely shaped body.
You cover ground very quickly.
You have extremely tough skin. (AC +3)


Message History

You kill the adder!
Okawaru accepts your kill.
Your Bows skill increases to level 7!
* * * LOW HITPOINT WARNING * * *
You feel sick.
Sigmund appears from thin air!
Reactivating autopickup.
Sigmund barely misses you.
You feel much better.
You feel sick. Sigmund gestures at you while chanting.
You resist with some effort.
a - a +1 shortbow (weapon)
Aim: Sigmund, wielding a scythe and wearing a robe You shoot an arrow.
The arrow hits Sigmund.
You feel sick.
Sigmund hits you from afar with a scythe.
* * * LOW HITPOINT WARNING * * *
Aim: Sigmund, wielding a scythe and wearing a robe (lightly wounded)
You shoot an arrow. The arrow hits Sigmund!
Sigmund barely misses you.
Aim: Sigmund, wielding a scythe and wearing a robe (moderately wounded)
You shoot an arrow. The arrow closely misses Sigmund.
You feel sick.
Aim: Sigmund, wielding a scythe and wearing a robe (moderately wounded)
You shoot an arrow. The arrow closely misses Sigmund.
Sigmund hits you from afar with a scythe.
* * * LOW HITPOINT WARNING * * *
Aim: Sigmund, wielding a scythe and wearing a robe (moderately wounded)
You shoot an arrow. The arrow closely misses Sigmund.
You feel sick.
Aim: Sigmund, wielding a scythe and wearing a robe (moderately wounded)
You shoot an arrow. The arrow hits Sigmund.
Sigmund hits you but does no damage.
Aim: Sigmund, wielding a scythe and wearing a robe (moderately wounded)
You shoot an arrow. The arrow closely misses Sigmund.
Sigmund hits you from afar with a scythe.
* * * LOW HITPOINT WARNING * * *
Aim: Sigmund, wielding a scythe and wearing a robe (moderately wounded)
You shoot an arrow. The arrow barely misses Sigmund.
You feel sick.
Aim: Sigmund, wielding a scythe and wearing a robe (moderately wounded)
You shoot an arrow. The arrow hits Sigmund!
Sigmund barely misses you.
Aim: Sigmund, wielding a scythe and wearing a robe (severely wounded)
You shoot an arrow. The arrow hits Sigmund.
You feel sick.
Sigmund points at you and mumbles some strange words.
You resist with some effort.
Aim: Sigmund, wielding a scythe and wearing a robe (almost dead)
You shoot an arrow. The arrow closely misses Sigmund.
Sigmund hits you from afar with a scythe.
* * * LOW HITPOINT WARNING * * *
Aim: Sigmund, wielding a scythe and wearing a robe (almost dead)
You shoot an arrow. The arrow barely misses Sigmund.
Aim: Sigmund, wielding a scythe and wearing a robe (almost dead)
You shoot an arrow. The arrow closely misses Sigmund.
Sigmund hits you from afar with a scythe.
You die... #######.## #.. # .........# #. # #######..# # .. #..# ##. .[ #..# #(# P.P

#..# ..# #######..#
#.# .........# #†#
########.# #@# . #.#
##.######## .##
#.#####@.........
...#
#.##...(.########
#.#### #.....#...##
#....###....###...##
#..................#
#....##...#.).).#..#
#.#.####.##.._..##.#


You could see Sigmund.

Vanquished Creatures
  An orc priest (D:3)
  Natasha (thrice) (D:3)
  7 adders
  An ooze (D:2)
  A worm (D:2)
  2 dart slugs (D:2)
  2 leopard geckos (D:2)
  4 orcs
  5 bats
  2 giant cockroaches (D:1)
  6 goblins
  7 hobgoblins
  4 jackals
  10 kobolds
  A quokka (D:3)
  A ball python (D:2)
  3 frilled lizards (D:1)
  6 rats
66 creatures vanquished.

Notes
Turn   | Place    | Note
-------+----------+-------------------------------------------
     0 | D:1      | n0claF the Centaur Hunter began the quest for the Orb.
     0 | D:1      | Reached XP level 1. HP: 17/17 MP: 1/1
   110 | D:1      | Reached skill level 1 in Throwing
   110 | D:1      | Reached XP level 2. HP: 9/24 MP: 2/2
   811 | D:1      | Reached XP level 3. HP: 30/30 MP: 3/3
  1381 | D:2      | Reached skill level 6 in Bows
  1753 | D:2      | Reached XP level 4. HP: 20/37 MP: 4/4
  2403 | D:3      | Noticed Natasha
  2416 | D:3      | Killed Natasha
  2426 | D:3      | Found an iron altar of Okawaru.
  2427 | D:3      | Noticed Sigmund
  2616 | D:2      | Reached XP level 5. HP: 39/45 MP: 5/5
  2770 | D:3      | Noticed Natasha
  2911 | D:3      | Killed Natasha
  3064 | D:3      | Noticed Natasha
  3078 | D:3      | Killed Natasha
  3236 | D:3      | Became a worshipper of Warmaster Okawaru
  3293 | D:3      | Reached skill level 7 in Bows
  3308 | D:3      | Slain by Sigmund

Skill      XL: |  1  2  3  4  5 |
---------------+----------------+-----
Throwing       | 1 2 3 |  3.4
Bows           | 6 7 |  7.0
Fighting       | 3 |  3.8
Dodging        | |  1.3
Stealth        | |  0.4

Action                   |  1- 3 |  4- 6 || total
-------------------------+-------+-------++-------
Melee: Short sword       |   127 |   118 ||   245
       Kick              |    19 |    22 ||    41
 Fire: Shortbow          |     5 |    32 ||    37
  Use: Potion            |       |     1 ||     1
  Eat: Chunk             |     2 |     4 ||     6
Armor: Leather armour    |    60 |     5 ||    65
       Chain mail        |       |    66 ||    66
Dodge: Dodged            |    58 |    29 ||    87
